 Dungeon Crawl Stone Soup version 0.25-a0-479-g8579842fd4 (webtiles) character file.

Game seed: 3396181059625380065, levelgen mode: deterministic

24 vurker the Gusty (level 2, 0/12 HPs)
             Began as a Felid Air Elementalist on Feb 9, 2020.
             Succumbed to an adder's poison
             ... on level 2 of the Dungeon.
             The game lasted 00:01:15 (947 turns).

vurker the Gusty (Felid Air Elementalist)            Turns: 947, Time: 00:01:16

Health: 0/12       AC:  1    Str:  4    XL:     2   Next: 79%
Magic:  0/6        EV: 18    Int: 16    God:
Gold:   53         SH:  0    Dex: 16    Spells: 4/5 levels left
                                        Lives:  0   Deaths: 0

rFire    . . .     SeeInvis +   (weapon unavailable)
rCold    . . .     Gourm    .   (shield unavailable)
rNeg     . . .     Faith    .   (armour unavailable)
rPois    .         Spirit   .   (helmet unavailable)
rElec    .         Reflect  .   (cloak unavailable)
rCorr    .         Harm     .   (gloves unavailable)
MR       .....                  (boots unavailable)
Stlth    +++.......             (no amulet)
HPRegen  0.04/turn              (no ring)
MPRegen  0.10/turn              (no ring)

@: lethally poisoned (0 -> -7), very slightly contaminated, quick
A: very small, no armour, no weapons or thrown items, stealth, claws 1, fangs 3,
see invisible, carnivore, speed 1, shaggy fur 1, slow metabolism 1, sharp paws
a: no special abilities


You were on level 2 of the Dungeon.
You were not hungry.

You visited 1 branch of the dungeon, and saw 2 of its levels.

You collected 53 gold pieces.

Inventory:

Scrolls
 a - 2 scrolls of fog {unknown}
 c - 2 scrolls of identify {unknown}
 d - 2 scrolls of remove curse {unknown}
Potions
 b - a potion of cancellation
Comestibles
 e - 2 rations


   Skills:
 + Level 0.6 Fighting
 - Level 2.6 Dodging
 - Level 2.6 Stealth
 * Level 2.4 Spellcasting
 * Level 1.4 Conjurations
 * Level 3.0 Air Magic


You had 4 spell levels left.
You knew the following spells:

 Your Spells              Type           Power        Failure   Level  Hunger
a - Shock                 Conj/Air       #...         8%          1    #......

Your spell library contained the following spells:

 Spells                   Type           Power        Failure   Level  Hunger
 Swiftness                Chrm/Air       #.......     16%         2    ###....
 Static Discharge         Conj/Air       #.......     24%         3    ###....
 Airstrike                Air            ##........   50%         4    #####..
 Lightning Bolt           Conj/Air       #.........   91%         5    ######.


Dungeon Overview and Level Annotations

Branches:
Dungeon (2/15)

Altars:


Innate Abilities, Weirdness & Mutations

You cannot wear armour.
You are incapable of wielding weapons or throwing items.
Your paws allow you to move quietly. (Stealth)
You have sharp claws.
You have razor-sharp teeth.
You have supernaturally acute eyesight. (SInv)
You are carnivorous and can eat meat at any time.
You cover ground quickly.
You are covered in fur. (AC +1)
You have a slow metabolism.
Your sharp claws are effective at attacking unaware monsters.


Message History

Aim: an adder (lightly wounded)
The zap hits the adder.
Aim: an adder (moderately wounded)
The zap hits the adder.
A jackal comes into view.
Aim: an adder (heavily wounded)
The zap misses the adder.
The zap misses the jackal.
The zap hits the jackal.
Aim: an adder (heavily wounded)
The zap misses the adder.
The zap misses the jackal.
The zap hits the jackal.
You kill the jackal!
A jackal comes into view.
The adder barely misses you.
The jackal moves out of view.
Aim: an adder (heavily wounded)
The zap hits the adder.
The zap hits the jackal.
The adder barely misses you. The jackal misses you.
You don't have enough magic to cast that spell.
The zap misses the adder.
The zap misses the jackal.
The zap hits the jackal.
The zap hits the adder.
The adder misses you. x2
Unknown command.
You barely miss the adder. The jackal bites you. The adder bites you.
You are lethally poisoned!
The adder poisons you! The jackal misses you.
You scratch the adder.
You kill the adder!
Your Air Magic skill increases to level 3!
* * * LOW HITPOINT WARNING * * *
You feel sick. The jackal closely misses you.
* * * LOW HITPOINT WARNING * * *
You feel sick. The jackal bites you.
* * * LOW HITPOINT WARNING * * *
It was a potion of cancellation.
You feel magically purged.
The jackal bites you but does no damage.
* * * LOW HITPOINT WARNING * * *
You feel sick.
You scratch the jackal. The jackal closely misses you.
The jackal barely misses you.
You scratch the jackal but do no damage.
The jackal closely misses you.
You scratch the jackal but do no damage.
* * * LOW HITPOINT WARNING * * *
You feel sick. The jackal completely misses you. The jackal bites you.
* * * LOW HITPOINT WARNING * * *
Aim: a jackal (almost dead)
You miscast Shock.
You are very lightly contaminated with residual magic.
Nothing appears to happen.
The jackal barely misses you.
Unknown command.
You scratch the jackal.
You kill the jackal!
You die...

.............#......##.###
...........#......#
.###.........#......#
.....h.......######.###
......h......##.......#
.†.....#..†...........####
..†....#.................#
.......#..............##.#
.......####.....@..<..##.#
.......####.h...###.####.#
................# #.####.#
.#..............# #......#
.#..............# ########
#######......# #......#
#......# #......#


You could see a jackal.

Vanquished Creatures
  An adder (D:2)
  A dart slug (D:1)
  A giant cockroach (D:1)
  3 jackals (D:2)
  2 kobolds (D:1)
  2 bats (D:1)
  A frilled lizard (D:1)
  3 rats (D:1)
14 creatures vanquished.

Notes
Turn   | Place    | Note
-------+----------+-------------------------------------------
     0 | D:1      | vurker the Felid Air Elementalist began the quest for the
                  | Orb.
     0 | D:1      | Reached XP level 1. HP: 7/7 MP: 4/4
   152 | D:1      | Reached skill level 1 in Conjurations
   341 | D:1      | Reached XP level 2. HP: 11/11 MP: 1/6
   934 | D:2      | Reached skill level 3 in Air Magic
   947 | D:2      | Succumbed to an adder's poison

Levels and vault maps discovered:
D:1:      lightli_arrival_chessboard, layout_basic, minmay_misc_feat_square,
          minmay_misc_feat_secret_circle
D:2:      layout_basic, minitemple, minmay_tree_intersection

Skill      XL: |  1  2 |
---------------+-------+-----
Conjurations   | 1 |  1.4
Air Magic      | 3 |  3.0
Fighting       | |  0.6
Dodging        | |  2.6
Stealth        | |  2.6
Spellcasting   | |  2.4

Action                   || total
-------------------------++-------
Melee: Unarmed           ||     6
 Cast: Shock             ||    31
  Use: Potion            ||     1
  Eat: Chunk             ||     3
Armor: Skin              ||     1
Dodge: Dodged            ||    14

Table legend:
 A = Non-vault XP
 B = Vault XP
 C = Vault XP percentage of total XP
 D = Non-vault monster count
 E = Vault monster count
 F = Vault count percentage of total count
                 A         B        C        D         E       F
            +---------+---------+-------+---------+---------+-------
      Total |      35 |       0 |   0.0 |      14 |       0 |   0.0
            +---------+---------+-------+---------+---------+-------
        D:1 |      16 |       0 |   0.0 |      10 |       0 |   0.0
        D:2 |      19 |       0 |   0.0 |       4 |       0 |   0.0
            +---------+---------+-------+---------+---------+-------
